Map: Simulacrum LE

Players

llllllllllll - Winner!

  • Race: Terran Terran
  • Spawn Location: 11:00

FlyingSteve

  • Race: Protoss Protoss
  • League: Grandmaster
  • Spawn Location: 5:00

VOD

Have the link to the VOD?

Description

Time

  • Played on: Dec. 21, 2019, 2:19 p.m.
  • Length: 22:29
Show
View Real Time Build Order
Export as new Build Order

llllllllllll Terran - Winner!

Build Orders: Cyclone Opening, Gas First Reaper Expand, Mech 

Get SALT Encoding   

  12  0:00  SCV  
  13  0:12  SCV  
  14  0:17  Supply Depot  
  14  0:24  SCV  
  14  0:27  Refinery  
  15  0:39  SCV  
  16  0:44  Barracks  
  16  0:51  SCV  
  17  1:03  SCV  
  18  1:15  SCV  
  19  1:32  Orbital Command, Reaper  
  20  1:43  Command Center  
  20  1:55  Factory  
  20  1:58  SCV  
  21  2:04  Marine  
  22  2:09  Supply Depot  
  22  2:13  Refinery  
  22  2:15  SCV  
  22  2:22  Barracks Tech Lab  
  23  2:30  SCV  
  24  2:42  SCV  
  25  2:46  Cyclone  
  25  2:48  Barracks Reactor  
  28  2:54  SCV  
  28  2:55  Orbital Command  
  29  3:06  SCV  
  30  3:17  Command Center  
  30  3:19  SCV  
  31  3:21  SCV  
  32  3:28  Starport  
  32  3:31  Factory Tech Lab  
  32  3:33  SCV  
  33  3:34  Marine  
  33  3:36  Marine  
  33  3:38  SCV  
  36  3:47  Refinery  
  36  3:48  Refinery  
  36  3:51  SCV  
  37  3:59  Supply Depot  
  37  4:02  SCV  
  38  4:04  SCV  
  39  4:14  Banshee, SCV, Cloaking Field  
  39  4:15  Siege Tank  
  46  4:21  SCV, Marine x2  
  49  4:27  SCV  
  49  4:31  Orbital Command  
  50  4:33  SCV  
  51  4:38  Marine x2  
  51  4:39  SCV  
  51  4:43  Supply Depot  
  51  4:45  SCV  
  55  4:51  SCV  
  56  4:57  SCV  
  57  5:01  Banshee  
  57  5:03  SCV  
  60  5:11  Orbital Command  
  60  5:12  SCV, Factory x2  
  61  5:17  Siege Tank  
  64  5:22  SCV  
  64  5:24  SCV  
  64  5:28  Barracks Tech Lab  
  66  5:34  SCV  
  67  5:38  SCV  
  67  5:40  SCV  
  67  5:41  Factory  
  69  5:44  Factory  
  69  5:46  SCV  
  70  5:53  Siege Tank, Barracks Reactor  
  70  5:54  SCV  
  70  5:55  SCV  
  75  5:58  SCV  
  75  6:00  Supply Depot, Starport Reactor  
  75  6:02  Supply Depot  
  76  6:07  SCV  
  76  6:10  Engineering Bay  
  76  6:11  Infernal Pre-Igniter  
  77  6:16  Siege Tank, SCV x2, Supply Depot x2  
  82  6:19  SCV  
  82  6:22  Siege Tank  
  86  6:28  SCV x2  
  86  6:31  SCV  
  89  6:33  Siege Tank  
  91  6:40  SCV  
  91  6:42  Hellion x2  
  95  6:48  Hellion, Armory  
  95  6:49  Armory  
  95  6:51  Supply Depot  
  95  6:52  Supply Depot  
  95  6:53  SCV x2  
  99  6:54  Refinery  
  99  6:55  Refinery  
  99  7:03  SCV  
  99  7:04  Supply Depot  
  99  7:05  Supply Depot, SCV, Mag-Field Accelerator  
  99  7:06  SCV  
  102  7:15  SCV  
  100  7:19  Cyclone x2  
  100  7:21  Command Center  
  106  7:23  Cyclone  
  106  7:25  Widow Mine x2  
  106  7:29  Widow Mine  
  115  7:34  SCV x3  
  115  7:36  Terran Vehicle Weapons Level 1  
  115  7:37  Terran Vehicle And Ship Armor Level 1  
  118  7:39  Drilling Claws  
  118  7:50  SCV  
  119  7:52  Widow Mine x4  
  119  7:53  Supply Depot, Missile Turret  
  119  7:54  Missile Turret  
  119  7:56  Missile Turret  
  119  7:58  Supply Depot  
  127  8:04  Medivac x2  
  128  8:16  Widow Mine x5  
  128  8:17  Command Center  
  138  8:25  Cyclone, Widow Mine  
  137  8:32  Sensor Tower  
  137  8:37  Cyclone  
  137  8:38  SCV x3  
  143  8:45  Refinery x2  
  143  8:46  Sensor Tower  
  143  8:47  Cyclone  
  143  8:48  Widow Mine x4  
  154  8:51  SCV x3  
  157  8:57  Siege Tank  
  157  9:00  Planetary Fortress  
  160  9:03  SCV, Supply Depot x2  
  160  9:07  SCV x2, Supply Depot  
  163  9:18  Cyclone  
  164  9:28  Cyclone  
  164  9:29  Cyclone  
  166  9:36  Widow Mine  
  166  9:37  Widow Mine x3  
  160  9:42  Terran Vehicle Weapons Level 2, SCV  
  161  9:48  Terran Vehicle And Ship Armor Level 2  
  161  9:49  Command Center  
  161  9:50  Cyclone  
  164  9:59  Refinery  
  164  10:01  SCV x4  
  164  10:02  Factory  
  164  10:03  Factory  
  164  10:05  Factory  
  168  10:08  Cyclone x2, Command Center  
  174  10:14  Widow Mine  
  174  10:15  Widow Mine x2  
  180  10:23  Cyclone  
  175  10:40  Cyclone  
  178  10:49  Cyclone  
  146  10:50  Widow Mine x4  
  146  10:55  Cyclone  
  133  11:07  Factory Tech Lab x3  
  133  11:09  Planetary Fortress  
  133  11:10  SCV x2, Refinery  
  133  11:11  SCV x2, Widow Mine x3  
  131  11:12  Cyclone  
  131  11:17  Command Center  
  131  11:18  Widow Mine  
  139  11:19  Smart Servos  
  139  11:21  Cyclone  
  139  11:22  Refinery  
  139  11:23  SCV x2  
  144  11:27  Cyclone  
  149  11:33  Widow Mine x2  
  145  11:44  Cyclone x3, Widow Mine  
  145  11:45  Widow Mine x2  
  149  11:47  SCV x3  
  149  11:53  Widow Mine  
  156  11:54  Widow Mine  
  156  11:59  Planetary Fortress  
  156  12:01  Command Center  
  146  12:17  Cyclone x3  
  146  12:22  Cyclone x2  
  159  12:23  Widow Mine x5  
  163  12:32  Terran Vehicle Weapons Level 3  
  163  12:33  Terran Vehicle And Ship Armor Level 3  
  163  12:44  Siege Tank, Widow Mine  
  163  12:47  Widow Mine x3  
  163  12:49  Siege Tank, Cyclone x2  
  180  12:55  Widow Mine x2  
  180  12:57  Refinery  
  184  12:58  Command Center  
  184  13:06  Widow Mine  
  186  13:16  Siege Tank x2  
  186  13:18  Widow Mine x2  
  199  13:21  Cyclone  
  199  13:22  Orbital Command  
  199  13:24  Command Center  
  199  13:26  Missile Turret  
  195  13:34  Orbital Command  
  192  13:43  Factory  
  192  13:44  Factory  
  192  13:45  Factory, Refinery  
  192  13:46  Siege Tank x3, Factory  
  192  13:48  Cyclone x2  
  173  14:05  Siege Tank  
  167  14:18  Siege Tank x2, Cyclone  
  167  14:20  Cyclone, Thor  
  185  14:28  Planetary Fortress  
  185  14:37  Thor  
  176  14:49  Thor  
  176  14:50  Thor x2  
  176  14:52  Thor  
  177  14:59  Orbital Command  
  170  15:02  Factory Tech Lab x3  
  170  15:03  Thor  
  176  15:20  Thor x3  
  194  15:22  Factory Tech Lab  
  194  15:27  Thor  
  190  15:32  Thor x2  
  193  15:46  Cyclone x2  
  193  16:11  Thor  
  193  16:20  Siege Tank x3  
  181  16:58  Hellion x6  
  169  17:08  Siege Tank x3, Hellion x2  
  164  17:09  Hellion x2, Widow Mine  
  170  17:15  Refinery  
  170  17:16  Command Center  
  170  17:19  Cyclone, Widow Mine x3  
  170  17:20  Cyclone, Widow Mine  
  182  17:30  Cyclone x2, Widow Mine x2  
  182  17:36  Siege Tank  
  164  17:40  Siege Tank, Hellion x2  
  164  17:41  Hellion x2  
  164  17:42  Hellion x2  
  165  17:45  Orbital Command  
  165  17:50  SCV x4  
  165  17:51  Siege Tank x2  
  171  17:52  Siege Tank x2  
  177  18:01  Cyclone x2  
  177  18:02  Cyclone x2, Widow Mine x2  
  193  18:08  Cyclone  
  199  18:12  Cyclone  
  195  18:23  Cyclone x2  
  195  18:28  Thor  
  195  18:44  Siege Tank  
  195  18:46  Planetary Fortress  
  198  18:49  Sensor Tower  
  196  18:59  Thor  
  191  19:05  Thor x2  
  191  19:08  Thor  
  191  19:09  Thor  
  178  19:25  Siege Tank x2, Thor x2  
  178  19:27  Thor  
  183  19:42  Thor  
  183  19:43  Terran Ship Weapons Level 1  
  189  19:47  Thor  
  189  19:48  Thor  
  189  19:51  Thor  
  195  20:09  Missile Turret  
  195  20:13  Missile Turret  
  195  20:17  Missile Turret  
  195  20:19  Thor  
  195  20:20  Missile Turret  
  195  20:21  Missile Turret x2  
  197  20:30  Siege Tank  
  193  20:41  Thor  
  189  20:50  Thor x2  
  189  20:54  Thor  
  160  21:24  Thor x4  
  178  21:26  Hellion x3  
  178  21:32  Thor x2  
  178  21:36  Hellion x4  
  168  21:45  Thor  
  153  21:57  Cyclone  
  177  22:15  Command Center  
Show
View Real Time Build Order
Export as new Build Order

FlyingSteve Protoss 

Build Orders: 1 Gate Expand, Blink Stalkers, Carriers 

Get SALT Encoding   

  12  0:00  Probe  
  13  0:12  Probe  
  14  0:17  Pylon  
  14  0:25  Probe  
  15  0:37  Probe (Chrono Boost), Gateway  
  16  0:47  Probe (Chrono Boost), Assimilator  
  17  0:52  Probe (Chrono Boost)  
  18  1:05  Probe  
  19  1:17  Probe  
  20  1:24  Nexus  
  20  1:34  Cybernetics Core  
  20  1:36  Probe  
  21  1:41  Assimilator  
  21  1:48  Probe  
  21  1:52  Pylon  
  22  2:01  Probe  
  23  2:07  Adept (Chrono Boost)  
  23  2:12  Warp Gate  
  23  2:13  Probe  
  26  2:22  Twilight Council  
  26  2:25  Probe  
  27  2:35  Stalker  
  29  2:38  Probe x2 (Chrono Boost)  
  31  2:49  Probe x2 (Chrono Boost)  
  33  2:54  Probe (Chrono Boost)  
  33  2:55  Probe (Chrono Boost)  
  33  2:56  Blink (Chrono Boost)  
  35  3:04  Probe  
  36  3:05  Probe  
  36  3:10  Gateway  
  37  3:16  Probe  
  37  3:18  Probe  
  39  3:23  Robotics Facility  
  39  3:28  Probe  
  39  3:29  Pylon  
  39  3:31  Probe  
  41  3:40  Probe  
  42  3:43  Probe  
  42  3:44  Assimilator  
  43  3:52  Probe  
  42  3:56  Probe  
  42  4:01  Stalker  
  45  4:04  Probe  
  45  4:05  Stalker  
  45  4:08  Probe  
  49  4:16  Probe  
  49  4:20  Probe  
  49  4:22  Observer  
  51  4:25  Pylon  
  51  4:28  Nexus  
  51  4:30  Pylon  
  51  4:31  Stalker  
  51  4:34  Probe  
  54  4:39  Forge  
  54  4:40  Templar Archives  
  54  4:44  Assimilator  
  54  4:46  Gateway x2  
  54  4:48  Probe  
  54  4:49  Probe  
  56  4:52  Charge  
  56  4:57  Stalker  
  58  5:04  Observer  
  58  5:06  Protoss Ground Armor Level 1 (Chrono Boost)  
  57  5:08  Probe x2  
  57  5:12  Observer  
  60  5:19  Pylon  
  60  5:20  Probe x2  
  62  5:23  Stalker x2  
  62  5:36  Probe (Chrono Boost)  
  62  5:41  Probe (Chrono Boost)  
  64  5:45  Photon Cannon  
  64  5:48  Probe (Chrono Boost)  
  67  5:51  Probe (Chrono Boost), Immortal  
  67  5:52  Probe (Chrono Boost)  
  67  5:53  Probe (Chrono Boost)  
  67  5:54  Zealot x2  
  67  5:55  Probe (Chrono Boost)  
  76  6:00  Probe  
  76  6:01  Psionic Storm  
  76  6:02  Probe  
  79  6:07  Probe  
  79  6:09  Pylon  
  80  6:12  Probe  
  80  6:14  Probe  
  80  6:16  Sentry  
  80  6:17  Zealot x2, High Templar  
  90  6:25  Gateway x2  
  90  6:28  Pylon  
  90  6:34  Pylon  
  90  6:38  Probe x3  
  93  6:41  Assimilator  
  93  6:42  Pylon  
  93  6:44  Assimilator  
  93  6:50  Probe x3, Observer  
  97  7:01  Robotics Facility  
  97  7:02  Robotics Bay  
  97  7:05  Probe x2  
  97  7:06  Probe  
  100  7:19  Nexus  
  100  7:22  Pylon  
  100  7:23  Pylon  
  100  7:25  Stalker x2  
  100  7:29  Probe x3  
  107  7:31  Photon Cannon  
  107  7:34  Photon Cannon  
  107  7:36  Protoss Ground Weapons Level 1 (Chrono Boost)  
  107  7:39  Gateway  
  107  7:41  Probe x2  
  107  7:42  Gateway  
  109  7:48  Probe  
  109  7:49  Forge  
  110  7:52  Pylon  
  110  7:53  Probe x2, Pylon  
  110  7:57  High Templar  
  114  8:00  High Templar x3  
  114  8:01  Disruptor  
  114  8:02  Disruptor  
  114  8:04  Archon  
  126  8:05  Zealot  
  126  8:06  Zealot, Archon  
  130  8:15  Probe x2  
  131  8:26  Photon Cannon  
  129  8:27  High Templar  
  129  8:29  High Templar  
  129  8:30  Zealot  
  129  8:32  Probe x4  
  139  8:35  Assimilator  
  139  8:37  High Templar x2, Assimilator  
  139  8:39  Archon  
  139  8:40  Photon Cannon x2  
  143  8:43  Warp Prism  
  143  8:45  Archon  
  145  8:49  Gateway x2  
  145  8:50  High Templar  
  145  8:51  Zealot x3  
  153  8:59  Archon  
  153  9:03  Gravitic Boosters  
  153  9:05  Probe x2  
  155  9:19  Probe x2 (Chrono Boost)  
  155  9:20  Probe (Chrono Boost)  
  155  9:21  Probe (Chrono Boost)  
  155  9:24  Photon Cannon  
  153  9:25  Stalker  
  153  9:26  Stalker  
  147  9:31  Probe x2 (Chrono Boost)  
  147  9:32  Probe (Chrono Boost)  
  147  9:33  Probe (Chrono Boost)  
  149  9:39  Probe x2 (Chrono Boost)  
  149  9:40  Probe x2 (Chrono Boost)  
  149  9:44  Stargate  
  153  9:45  Probe  
  153  9:46  Probe x3, Disruptor x2, Stargate  
  153  9:48  Pylon  
  161  9:56  Observer  
  161  9:58  Probe x3  
  161  9:59  Probe, Observer  
  165  10:07  Gravitic Drive  
  165  10:08  Nexus  
  165  10:10  Protoss Ground Armor Level 2 (Chrono Boost), Stargate, Pylon  
  165  10:11  Pylon  
  165  10:12  Protoss Ground Weapons Level 2 (Chrono Boost)  
  165  10:15  Assimilator  
  165  10:18  Protoss Air Weapons Level 1  
  165  10:19  Assimilator  
  159  10:36  Zealot x2  
  159  10:37  Zealot x4  
  159  10:38  Stalker x3  
  131  10:56  Zealot x3  
  109  11:07  Observer x2  
  109  11:10  Fleet Beacon  
  111  11:13  Dark Shrine, Oracle  
  114  11:22  Photon Cannon  
  114  11:23  Photon Cannon  
  114  11:25  Photon Cannon  
  114  11:30  Zealot x4  
  114  11:32  Stalker x4  
  124  11:35  Stalker x2  
  111  11:52  Disruptor x2 (Chrono Boost)  
  105  12:00  Carrier (Chrono Boost)  
  109  12:08  Zealot x5  
  131  12:09  Carrier (Chrono Boost)  
  131  12:10  Carrier (Chrono Boost)  
  135  12:19  Stalker x5  
  137  12:33  Observer x2  
  137  12:37  Pylon  
  133  12:56  Stalker x6  
  133  12:57  Stalker x2, Disruptor x2  
  149  13:09  Carrier x2  
  161  13:17  Phoenix  
  162  13:33  Zealot x6  
  162  13:34  Zealot x2  
  158  13:53  Zealot x7  
  158  13:54  Zealot x2  
  169  14:06  Carrier (Chrono Boost)  
  169  14:08  Stalker  
  155  14:10  Carrier (Chrono Boost)  
  155  14:15  Carrier (Chrono Boost)  
  158  14:22  Observer  
  164  14:24  Zealot x3  
  164  14:25  Zealot x3  
  170  14:41  Observer x2  
  150  14:59  High Templar x5  
  158  15:00  Zealot x4, High Templar  
  158  15:04  Archon, Carrier (Chrono Boost)  
  158  15:05  Archon x2  
  174  15:12  Protoss Air Weapons Level 2 (Chrono Boost)  
  174  15:14  Observer  
  174  15:15  Observer  
  174  15:17  Carrier x2 (Chrono Boost)  
  177  15:57  Oracle (Chrono Boost)  
  169  16:16  Tempest  
  168  16:20  Zealot x4, Disruptor x2 (Chrono Boost)  
  168  16:21  Zealot x6  
  198  16:39  Protoss Ground Weapons Level 3 (Chrono Boost), Protoss Ground Armor Level 3 (Chrono Boost)  
  192  16:58  Carrier x2 (Chrono Boost)  
  140  17:08  Disruptor x2  
  140  17:15  Zealot x6  
  146  17:16  Zealot x2  
  146  17:17  High Templar x2  
  146  17:20  Carrier (Chrono Boost)  
  146  17:21  Archon  
  130  17:45  Observer, Disruptor (Chrono Boost)  
  130  17:46  Disruptor (Chrono Boost)  
  134  17:55  Carrier  
  134  17:56  High Templar x3  
  134  17:57  High Templar  
  148  18:00  Archon x2  
  148  18:01  Zealot x5  
  154  18:32  Carrier x2  
  166  18:40  Stalker  
  168  18:45  Disruptor x2  
  168  18:48  Zealot x3, Observer  
  174  18:49  Zealot  
  173  18:56  Protoss Air Weapons Level 3  
  173  18:58  Carrier (Chrono Boost)  
  137  19:31  Zealot x5, Carrier (Chrono Boost)  
  136  19:32  Stalker x3  
  136  19:33  Tempest (Chrono Boost)  
  153  19:56  Carrier (Chrono Boost)  
  159  20:07  Carrier (Chrono Boost)  
  155  20:31  Nexus  
  149  20:49  Carrier (Chrono Boost)  
  149  20:51  Carrier (Chrono Boost)  
  161  21:04  Zealot x2  
  161  21:05  Zealot x3  
  161  21:06  Zealot x2  
  169  21:21  Disruptor  
Tags
 
Add a new tag
Caveats
  • Supply blocks, unpowered buildings, or Contaminate may cause inaccurate times.
  • Supply counts are checked every 10 seconds.